 Dungeon Crawl Stone Soup version 0.17-a0-968-gf8e1f1d (webtiles) character file.

192 laxity the Firebug (level 5, -3/28 HPs)
             Began as a Deep Elf Fire Elementalist on May 9, 2015.
             Shot with an arrow by a centaur (7 damage)
             ... on level 4 of the Dungeon.
             The game lasted 00:05:21 (3198 turns).

laxity the Firebug (Deep Elf Fire Elementalist)     Turns: 3198, Time: 00:05:21

Health: -3/28      AC:  2    Str:  5    XL:     5   Next: 42%
Magic:  9/13       EV: 13    Int: 21    God:
Gold:   305        SH:  0    Dex: 15    Spells: 4 memorised, 3 levels left

rFire  . . .     SeeInvis .     n - +1 dagger (holy)
rCold  . . .     Clarity  .     u - +0 robe {MR+}
rNeg   . . .     SustAb   .     (no shield)
rPois  .         Gourm    .     (no helmet)
rElec  .         Spirit   .     (no cloak)
rCorr  .         Warding  .     (no gloves)
rMut   .         Stasis   .     (no boots)
MR     +....                    (no amulet)
Stlth  ++........               (no ring)
                                (no ring)

@: somewhat resistant to hostile enchantments, unstealthy
A: no striking features
a: no special abilities


You were on level 4 of the Dungeon.
You were not hungry.

You visited 1 branch of the dungeon, and saw 4 of its levels.

You collected 305 gold pieces.

Inventory:

Hand weapons
 n - a +1 dagger of holy wrath (weapon)
Armour
 u - a +0 robe of magic resistance (worn)
Scrolls
 d - a scroll of magic mapping {unknown}
 f - 3 scrolls of teleportation {unknown}
 i - 5 scrolls of remove curse {unknown}
 j - 4 scrolls of identify {unknown}
 q - a scroll of amnesia {unknown}
 t - a scroll of blinking {unknown}
 y - a scroll of enchant armour {unknown}
 A - a scroll of recharging {unknown}
Potions
 e - a potion of mutation {unknown}
 g - 4 potions of heal wounds {unknown}
 h - a potion of brilliance {unknown}
 k - a potion of ambrosia {unknown}
 l - 2 potions of cancellation {unknown}
 m - a potion of haste {unknown}
 o - a potion of poison {unknown}
 r - a potion of degeneration {unknown}
 s - a potion of lignification {unknown}
 v - 2 potions of might {unknown}
 z - a potion of beneficial mutation {unknown}
Books
 b - a book of Flames

   Spells                             Type                      Level
   a - Flame Tongue                   Conjuration/Fire             1
   b - Throw Flame                    Conjuration/Fire             2
   c - Conjure Flame                  Conjuration/Fire             3
   d - Inner Flame                    Hexes/Fire                   3
   e - Sticky Flame                   Conjuration/Fire             4
   f - Fireball                       Conjuration/Fire             5
Comestibles
 a - a royal jelly
 c - a bread ration
 p - a beef jerky
 w - 2 meat rations
 x - a chunk of flesh


   Skills:
 - Level 1.0 Short Blades
 - Level 2.4 Dodging
 - Level 2.4 Stealth
 + Level 4.6 Spellcasting
 + Level 3.2 Conjurations
 + Level 4.9 Fire Magic


You had 3 spell levels left.
You knew the following spells:

 Your Spells              Type           Power        Failure   Level  Hunger
a - Flame Tongue          Conj/Fire      ###..        1%          1    None
b - Throw Flame           Conj/Fire      ###...       3%          2    #......
c - Conjure Flame         Conj/Fire      ###.....     10%         3    ##.....
d - Sticky Flame          Conj/Fire      ###.....     24%         4    ####...


Dungeon Overview and Level Annotations

Branches:
Dungeon (4/15)
 Temple: D:4-7

Altars:
Ru
Yredelemnul
The Shining One


Message History

Casting: Flame Tongue
Confirm with . or Enter, or press ? or * to list all spells.
Aiming: Throw Flame
Press: ? - help, Shift-Dir - straight line, f - centaur
Aim: a centaur (hasn't noticed you)
The puff of flame misses the centaur.
The centaur shouts!
The centaur wields a runed shortbow.
The centaur shoots an arrow.
The arrow hits you.
Casting: Throw Flame
Confirm with . or Enter, or press ? or * to list all spells.
Aiming: Throw Flame
Press: ? - help, Shift-Dir - straight line, f/p - centaur
Aim: a centaur, wielding an enchanted shortbow The puff of flame hits the centaur.
The centaur is moderately wounded.
The centaur shoots an arrow.
The arrow hits you!
* * * LOW HITPOINT WARNING * * *
The centaur shoots an arrow.
The arrow hits you!
You die...

..........##
..
#######....#
.$....
###..##
...... ##..##
#.....
#...####.....
##.........#
##.......#
#......##
##...@##
#.....#
#....(..#
.........#
..........#
..).......#
..#.......c
####.....


You could see a centaur.

Vanquished Creatures
  An orc priest (D:3)
  A worker ant (D:4)
  3 adders
  2 oozes (D:3)
  2 worms
  4 giant geckos
  9 orcs (D:3)
  6 bats
  4 giant cockroaches
  12 goblins
  10 hobgoblins
  7 jackals
  9 kobolds
  A quokka (D:2)
  A ball python (D:1)
  4 giant newts
  10 rats
86 creatures vanquished.

Notes
Turn   | Place    | Note
--------------------------------------------------------------
     0 | D:1      | laxity, the Deep Elf Fire Elementalist, began the quest for the Orb.
     0 | D:1      | Reached XP level 1. HP: 10/10 MP: 6/6
   175 | D:1      | Reached XP level 2. HP: 15/15 MP: 4/8
   202 | D:1      | Learned a level 2 spell: Throw Flame
   502 | D:1      | Reached skill level 4 in Fire Magic
   689 | D:2      | Reached XP level 3. HP: 19/19 MP: 6/9
   694 | D:2      | Learned a level 3 spell: Conjure Flame
   968 | D:2      | Found a sacrificial altar of Ru.
   969 | D:2      | Reached skill level 1 in Short Blades
  1189 | D:2      | Found a basalt altar of Yredelemnul.
  1584 | D:2      | Reached XP level 4. HP: 22/24 MP: 9/11
  2316 | D:3      | Found a glowing golden altar of the Shining One.
  2695 | D:3      | Learned a level 4 spell: Sticky Flame
  2715 | D:3      | Reached XP level 5. HP: 28/28 MP: 8/13
  3197 | D:4      | Noticed a centaur
  3198 | D:4      | Shot with an arrow by a centaur

Action                   |  1- 3 |  4- 6 || total
-------------------------+-------+-------++-------
Melee: Dagger            |     4 |       ||     4
 Cast: Flame Tongue      |    64 |    47 ||   111
       Throw Flame       |    13 |    21 ||    34
  Eat: Chunk             |     2 |     5 ||     7
